 Dungeon Crawl Stone Soup version 0.27.1-34-g3ba077fa99 (webtiles) character file.

Game seed: 14599806810744432231

179 cbfl8 the Sneak (level 5, 0/47 HPs)
             Began as a Minotaur Delver on Jan 14, 2022.
             Slain by a yak (9 damage)
             ... on level 5 of the Dungeon.
             The game lasted 00:04:19 (1071 turns).

cbfl8 the Sneak (Minotaur Delver)                   Turns: 1071, Time: 00:04:19

Health: 0/47       AC: 12    Str: 17    XL:     5   Next: 32%
Magic:  4/4        EV: 11    Int:  8    God:
Gold:   33         SH:  0    Dex: 11    Spells: 4/4 levels left

rFire    . . .     SeeInvis .   j - +2 flail (protect)
rCold    . . .     Faith    .   (no shield)
rNeg     . . .     Spirit   .   k - +0 ring mail
rPois    .         Reflect  .   (helmet restricted)
rElec    .         Harm     .   (no cloak)
rCorr    .         Rampage  .   (no gloves)
Will     .....                  (no boots)
Stlth    ++........             (no amulet)
HPRegen  0.15/turn              (no ring)
MPRegen  0.09/turn              (no ring)

@: under a protective aura
A: horns 2, retaliatory headbutt
a: no special abilities


You were on level 5 of the Dungeon.
You visited 1 branch of the dungeon, and saw 3 of its levels.

You collected 33 gold pieces.

Inventory:

Hand Weapons
 a - a +0 hand axe
 h - a +1 dagger of venom
 j - a +2 flail of protection (weapon)
 l - a +1 flail of protection
Armour
 b - a +0 leather armour
 k - a +0 ring mail (worn)
Wands
 g - a wand of digging (3)
Scrolls
 c - a scroll of fog
 e - a scroll of fear
 i - a scroll of enchant armour {unknown}
Potions
 d - a potion of curing {unknown}
 f - a potion of haste


   Skills:
 + Level 4.7 Fighting
 + Level 0.3 Short Blades
 + Level 2.7(2.8) Axes
 + Level 0.9(2.0) Maces & Flails
 + Level 1.6 Armour
 + Level 2.5 Dodging
 + Level 5.4 Stealth


You had 4 spell levels left.
You didn't know any spells.
Your spell library was empty.

Dungeon Overview and Level Annotations

Branches:
Dungeon (5/15)
 Temple: D:4-7

Altars:


Innate Abilities, Weirdness & Mutations

You have a pair of horns on your head.
You reflexively headbutt those who attack you in melee.


Message History

Your weapon exudes an aura of protection.
You kill the kobold!
Things that are here:
a +0 dagger; a kobold corpse
Found 25 stones.
There is a shaft here.
You can't go up here!
You fall into a shaft and drop 2 floors!
The shaft crumbles and collapses.
A yak comes into view. 3 yaks come into view.
The yak bellows! x4
You sock the yak!
Your weapon exudes an aura of protection.
You headbutt the yak!
The yak is heavily wounded.
The yak closely misses you. The yak gores you!
The yak gores you but does no damage.
You hit the yak.
The yak is heavily wounded.
The yak closely misses you. The yak gores you but does no damage.
You closely miss the yak.
The yak is heavily wounded.
The yak closely misses you. You furiously retaliate!
You headbutt the yak. The yak gores you! The yak gores you but does no damage.
You sock the yak!
The yak is almost dead.
The yak gores you.
The yak gores you but does no damage. x2
You hit the yak. You headbutt the yak.
The yak is moderately wounded.
The yak barely misses you. The yak gores you but does no damage.
You hit the yak. You headbutt the yak, but do no damage.
The yak is moderately wounded.
The yak gores you! The yak gores you but does no damage. The yak gores you.
* * * LOW HITPOINT WARNING * * *
The yak barely misses you. The yak closely misses you.
You hit the yak.
The yak is moderately wounded.
The yak gores you!
You die...

..... #.........#
##### #.........#
##### #.........#
#.... #.........#
#.... #.........#
#.... #.........#
#....
#...YY....#######....
#...@YY.........#....
#########.......#....
.......#....
.......#....
Y......##### .......
####### ############
#..........#


You could see 4 yaks.

Vanquished Creatures
  A black bear (D:5)
  A hound (D:4)
  2 adders (D:4)
  A white imp (D:4)
  An adder skeleton (D:4)
  4 orcs (D:4)
  3 endoplasms (D:4)
  4 giant cockroaches (D:4)
  A goblin (D:4)
  A hobgoblin (D:4)
  2 quokkas (D:4)
  A kobold (D:3)
  A rat (D:4)
23 creatures vanquished.

Notes
Turn   | Place    | Note
-------+----------+-------------------------------------------
     0 | D:5      | cbfl8 the Minotaur Delver began the quest for the Orb.
     0 | D:5      | Reached XP level 1. HP: 19/19 MP: 0/0
   103 | D:4      | Noticed a scorpion
   139 | D:4      | Reached XP level 2. HP: 25/27 MP: 1/1
   490 | D:4      | Noticed a black bear
   502 | D:5      | Killed a black bear
   503 | D:5      | Reached skill level 1 in Armour
   503 | D:5      | Reached skill level 5 in Stealth
   503 | D:5      | Reached XP level 3. HP: 28/34 MP: 2/2
   503 | D:5      | Reached XP level 4. HP: 34/41 MP: 3/3
   687 | D:4      | Reached XP level 5. HP: 28/47 MP: 4/4
  1052 | D:3      | You fall into a shaft and drop 2 floors!
  1057 | D:5      | Noticed a yak
  1058 | D:5      | Noticed a yak
  1058 | D:5      | Noticed a yak
  1058 | D:5      | Noticed a yak
  1071 | D:5      | Slain by a yak

Illustrated notes

Levels and vault maps discovered:
D:3:      layout_rooms
D:4:      layout_loops_cross, mainiacjoe_overflow_paths,
          gup_sewer_entry_bubbles, minmay_misc_feat_doors, abandoned_shop,
          guppyfry_early_orc_mine
D:5:      layout_basic, minmay_temple_entry_poolview

Skill      XL: |  1  2 |
---------------+-------+-----
Fighting       | 4 |  4.7
Armour         | 1 |  1.6
Stealth        | 5 |  5.4
Short Blades   | |  0.3
Axes           | |  2.7
Maces & Flails | |  0.9
Dodging        | |  2.5

Action                   |  1- 3 |  4- 6 || total
-------------------------+-------+-------++-------
Melee: Hand axe          |     3 |       ||     3
       Dagger            |    11 |       ||    11
       Flail             |     5 |    52 ||    57
       Headbutt          |     5 |    10 ||    15
  Use: Scroll            |     1 |       ||     1
 Stab: Sleeping          |     2 |       ||     2
Armor: Ring mail         |     5 |    31 ||    36
       Leather armour    |     2 |       ||     2
Dodge: Dodged            |    14 |    31 ||    45
